Unix NetHack Version 5.0.0-0 post-release - last build May  4 2026 22:22:43 (774f63e81ad911689b3a0859ea89b322d5daca8d,branch:main).

Game began 2026-05-05 13:39:05, ended 2026-05-05 14:13:38.

246786432, neutral male gnomish Caveman

 -------          -----
 |.....|          |...|    ------------
 |.....|          |...|    |..........|
 |>....|          |....####...........|#####
 |.....|          ---.-   #--.---------    #
 -.-.---          ####       ############# ##
  #######         #                      ## ###
    #   ##       ##                       #   ##
    #    #      #######:                  #    ##
 ---|-.- ######## ##i#ie@#er`             #     #     -------------
 |......##`##--.--------    ###################### ###..........<.|
 |....>|     |.........+   ### ####----.----.-  ######|...........|
 |..^..-#####..........|           |*........|       #+...........|
 -------     |.........|           |.........|       #|...........|
             |.........|           |..........########-------------
             -----------           |.........|
                                   |.........|
                                   |.........|
                                   -----------

246786432 the Aborigine  St:18 Dx:13 Co:17 In:7 Wi:9 Ch:9  Neutral
Dlvl:3  $:63 HP:0(30) Pw:11(11) AC:8  Xp:3 T:1746 

Latest messages:
 You kill the gecko!
 You see here a gecko corpse.
 A - a gecko corpse.
 "Hello, 246786432!  Welcome again to Aklavik's general store!"
 You see here a sky blue potion (for sale, 400 zorkmids).
 You see here a brilliant blue potion (for sale, 267 zorkmids).
 You see here a scroll labeled DUAM XNAHT (for sale, 178 zorkmids).
 You see here a scroll labeled PRATYAVAYAH (for sale, 356 zorkmids).
 You see here a banded mail (for sale, 120 zorkmids).
 You see here a sling (for sale, 40 zorkmids).
 You see here a sky blue potion (for sale, 400 zorkmids).
 You see here 2 food rations (for sale, 120 zorkmids).
 You see here an ornamental cope (for sale, 107 zorkmids).
 You see here a crystal plate mail (for sale, 1093 zorkmids).
 You see here an ornamental cope (for sale, 107 zorkmids).
 You see here 2 food rations (for sale, 120 zorkmids).
 You hear water falling on coins.
 You hear water falling on coins.
 The newt just misses!
 You kill the newt!
 You descend the stairs.
 You kill the iguana!
 You see here an iguana corpse.
 B - an iguana corpse.
 Your green mold corpse rots away.
 You miss the floating eye.
 You are frozen by the floating eye's gaze!
 The gecko bites!
 The gecko bites!
 The gecko bites!
 The gecko bites!
 The gecko bites!
 The gecko bites!
 The gecko bites!
 The gecko bites!
 The gecko bites!
 The gecko bites!
 The gecko bites!
 The gecko bites!
 The gecko bites!
 The gecko bites!
 The gecko bites!
 The gecko bites!
 The gecko bites!
 You die...
 Do you want your possessions identified? [ynq] (y) y
 Do you want to see your attributes? [ynq] (y) y
 Do you want an account of creatures vanquished? [ynaq] (y) y
 Do you want to see your conduct and achievements? [ynq] (y) y
 Do you want to see the dungeon overview? [ynq] (y) y

Inventory:
 Coins    ('$')
  $ - 63 gold pieces
 Weapons  (')')
  b - a +2 sling (alternate weapon; not wielded)
  m - 10 +0 darts
  l - a +0 orcish dagger
  a - a +1 club (weapon in right hand)
 Armor    ('[')
  g - an uncursed +0 orcish helm
  e - an uncursed +0 leather armor (being worn)
 Comestibles  ('%')
  p - an uncursed lembas wafer
  A - an uncursed gecko corpse
  B - an uncursed iguana corpse
 Scrolls  ('?')
  f - an uncursed scroll of amnesia
  x - an uncursed scroll of enchant armor
 Potions  ('!')
  i - an uncursed potion of gain energy
  r - a cursed potion of levitation
 Rings    ('=')
  h - an uncursed ring of free action
 Wands    ('/')
  v - a wand of secret door detection (0:14)
 Tools    ('(')
  q - an uncursed magic lamp
 Gems/Stones  ('*')
  t - an uncursed obsidian stone
  d - 28 uncursed rocks

246786432 the Caveman's attributes:

Background:
 You were an Aborigine, a level 3 gnomish Caveman.
 You were neutral, nominally on a mission for Ishtar
 who was opposed by Anu (lawful) and Anshar (chaotic).
 You were right-handed.
 You were in the Dungeons of Doom, on level 3.
 You entered the dungeon 1746 turns ago.
 You had 50 experience points, 30 more were needed to attain level 4.

Basics:
 You had 0 out of 30 hit points.
 You had all 11 energy points (spell power).
 Your armor class was 8.
 Your wallet contained 63 zorkmids.
 Autopickup was off.

Final Characteristics:
 Your strength was 18 (peak:18/01, limit:18/50).
 Your dexterity was 13 (limit:18).
 Your constitution was 17 (limit:18).
 Your intelligence was 7 (limit:19).
 Your wisdom was 9 (limit:18).
 Your charisma was 9 (limit:18).

Final Status:
 You weren't hungry.
 You were unencumbered.
 You were wielding a club.
 You had basic skill with club.

Final Attributes:
 You were devoutly aligned.
 You had infravision.
 You were warded.
 You are dead.

Miscellaneous:
 You didn't encounter any bones levels.
 Total elapsed playing time was 34 minutes and 33 seconds.

Major events:
 Turn
    1: 246786432 the neutral gnomish Caveman entered the dungeon
 1403: attained the rank of Aborigine (level 3)
 1746: killed by a gecko, while frozen by a floating eye's gaze

You didn't know any spells.

Skills:
 Fighting Skills
   bare handed combat [Basic]
 Weapon Skills
   dagger             [Unskilled]
   knife              [Unskilled]
   axe                [Unskilled]
   pick-axe           [Unskilled]
   club               [Basic]
   mace               [Unskilled]
   morning star       [Unskilled]
   flail              [Unskilled]
   hammer             [Unskilled]
   quarterstaff       [Unskilled]
   polearms           [Unskilled]
   spear              [Unskilled]
   trident            [Unskilled]
   bow                [Unskilled]
   sling              [Basic]
   boomerang          [Unskilled]
   unicorn horn       [Unskilled]
 Spellcasting Skills
   attack spells      [Unskilled]
   matter spells      [Unskilled]

Voluntary challenges:
 Character rerolling was not enabled.
 You were an atheist.
 You were illiterate.
 You never genocided any monsters.
 You never polymorphed an object.
 You never changed form.
 You used no wishes.
Achievements:
 You entered a shop.
 You attained the rank of Aborigine.

 The Dungeons of Doom: levels 1 to 4
    Level 1:
       A fountain, a sink.
    Level 2:
       A general store, some fountains, a sink.
    Level 3: <- You were here.
       Final resting place for
          you, killed by a gecko, while frozen by a floating eye's gaze.
    Level 4:
       A fountain.


Vanquished creatures:
 an iguana
  2 coyotes
  a manes
  a yellow mold
  a green mold
  2 geckos
  8 jackals
  a kobold
  2 goblins
  2 grid bugs
  a kobold zombie
 11 newts
33 creatures vanquished.

No species were genocided or became extinct.

Game over:
                       ----------
                      /          \
                     /    REST    \
                    /      IN      \
                   /     PEACE      \
                  /                  \
                  |    246786432     |
                  |      63 Au       |
                  |   killed by a    |
                  |      gecko       |
                  |                  |
                  |                  |
                  |       2026       |
                 *|     *  *  *      | *
        _________)/\\_//(\/(/\)/\//\/|_)_______

Goodbye 246786432 the Caveman...

You died in The Dungeons of Doom on dungeon level 3 with 407 points,
and 63 pieces of gold, after 1746 moves.
You were level 3 with a maximum of 30 hit points when you died.

